 Dungeon Crawl Stone Soup version 0.31-a0-1570-g93c622d222 (webtiles) character file.

Game seed: 2264510332566046635

65 innerfire43 the Magician (level 3, -1/26 HPs)
             Began as a Demonspawn Wanderer on Jan 3, 2024.
             Slain by a gnoll
             ... wielding a +0 spear
              (4 damage)
             ... on level 2 of the Dungeon.
             The game lasted 00:03:18 (1769 turns).

innerfire43 the Magician (Demonspawn Wanderer)      Turns: 1769, Time: 00:03:19

Health: -1/26      AC:  3    Str: 10    XL:     3   Next: 92%
Magic:  7/7        EV: 12    Int: 16    God:
Gold:   61         SH:  0    Dex: 12    Spells: 7/8 levels left

rFire   . . .        a - +0 dagger
rCold   . . .        (no shield)
rNeg    . . .        c - +0 robe
rPois   .            (helmet restricted)
rElec   .            (no cloak)
rCorr   .            d - +0 pair of gloves
SInv    .            (no boots)
Will    .....        (no amulet)
Stlth   ++           (no ring)
HPRegen 0.24/turn    (no ring)
MPRegen 0.20/turn

%: no passive effects
@: mighty, brilliant
A: antennae 1, magic regeneration
a: no special abilities


You were on level 2 of the Dungeon.
You visited 1 branch of the dungeon, and saw 2 of its levels.

You collected 61 gold pieces.

Inventory:

Hand Weapons
 a - a +0 dagger (weapon)
Armour
 c - a +0 robe (worn)
 d - a +0 pair of gloves (worn)
Jewellery
 f - a ring of fire
Scrolls
 b - a scroll of silence
 g - a scroll of brand weapon {unknown}
 i - a scroll of teleportation {unknown}
 j - a scroll of immolation
 k - a scroll of enchant armour {unknown}
 m - a scroll of vulnerability {unknown}
Potions
 e - 2 potions of brilliance
 l - a potion of lignification {unknown}


   Skills:
 + Level 1.3 Fighting
 + Level 1.7 Armour
 + Level 2.2 Dodging
 - Level 1.0 Stealth
 + Level 3.4 Spellcasting
 + Level 3.1 Ice Magic


You had 7 spell levels left.
You knew the following spells:

 Your Spells              Type           Power      Damage    Failure   Level
a - Freeze                Ice            76%        1d8       4%          1

Your spell library contained the following spells:

 Spells                   Type           Power      Damage    Failure   Level
 Ensorcelled Hibernation  Hex/Ice        22%        N/A       14%         2
 Sting                    Conj/Alch      16%        1d4       19%         1
 Summon Ice Beast         Ice/Summ       11%        N/A       28%         3
 Dazzling Flash           Conj/Hex       8%         N/A       47%         3
 Mephitic Cloud           Conj/Alch/Air  4%         N/A       47%         3
 Volatile Blastmotes      Fire/Tloc      8%         2d10      47%         3
 Starburst                Conj/Fire      2%         6d3       100%        6
 Maxwell's Capacitive Co  Air            2%         ∞         100%        8


Dungeon Overview and Level Annotations

Branches:
Dungeon (2/15)

Altars:
Yredelemnul


Innate Abilities, Weirdness & Mutations

You have a pair of small antennae on your head.
You regenerate magic rapidly.


Message History

The gnoll is lightly wounded.
The gnoll closely misses you.
The gnoll hits you from afar with a +0 spear.
There are monsters nearby!
You closely miss the gnoll.
The gnoll is lightly wounded.
The gnoll hits you with a +0 club.
The gnoll hits you from afar with a +0 spear!
There are monsters nearby!
You are too injured to fight recklessly!
There are monsters nearby!
You are too injured to fight recklessly!
You are too injured to fight recklessly!
Unknown command.
You are too injured to fight recklessly!
Aiming: Freeze (safe; 4% risk of failure)
Press: ? - help, Q - select action Shift-Dir - straight line, f - gnoll
Aim: a gnoll, wielding a +0 club (lightly wounded)
You freeze the gnoll.
The gnoll is lightly wounded.
The gnoll hits you with a +0 club.
* * * LOW HITPOINT WARNING * * *
The gnoll hits you with a +0 club.
* * * LOW HITPOINT WARNING * * *
The gnoll barely misses you.
It was a potion of brilliance.
You feel clever all of a sudden.
The gnoll hits you from afar with a +0 spear.
* * * LOW HITPOINT WARNING * * *
It was a potion of might.
You feel very mighty all of a sudden. The gnoll hits you but does no damage.
The gnoll barely misses you.
You hit the gnoll.
The gnoll is moderately wounded.
The gnoll misses you. The gnoll closely misses you.
You hit the gnoll.
The gnoll is severely wounded.
The gnoll closely misses you.
The gnoll hits you from afar with a +0 spear.
You die...

#
####...#...###.#
#......#.......#
##..............
#.>..#.####.###
# #.#.##.# #
#.##......#
#...gg.####
####g### ##@##
##...####
#.......#
##...##.# ##
##.###.# #. ###
#.# #######.
#.#####.......
#.#.......###.
#.#.###.#.###.


You could see 3 gnolls.

Vanquished Creatures
  2 adders (D:2)
  An orc (D:2)
  3 endoplasms
  5 giant cockroaches
  4 goblins
  5 hobgoblins
  4 jackals (D:2)
  2 kobolds
  3 quokkas
  4 ball pythons (D:2)
  2 bats
  3 frilled lizards
  3 rats
41 creatures vanquished.

Notes
Turn   | Place    | Note
-------+----------+-------------------------------------------
     0 | D:1      | innerfire43 the Demonspawn Wanderer began the quest for the
                  | Orb.
     0 | D:1      | innerfire43 set off with the following items: a +0 dagger,
                  | a scroll of silence, a +0 robe, a +0 pair of gloves; and
                  | the following spells available to memorise: Freeze,
                  | Ensorcelled Hibernation, Sting, Summon Ice Beast, Mephitic
                  | Cloud.
     0 | D:1      | Reached XP level 1. HP: 13/13 MP: 4/4
     2 | D:1      | Learned a level 1 spell: Freeze
   271 | D:1      | Gained mutation: You regenerate magic rapidly. [demonic
                  | ancestry]
   271 | D:1      | Reached XP level 2. HP: 17/20 MP: 4/6
   949 | D:2      | Reached skill level 1 in Fighting
   949 | D:2      | Gained mutation: You have a pair of small antennae on your
                  | head. [demonic ancestry]
   949 | D:2      | Reached XP level 3. HP: 12/26 MP: 5/7
  1103 | D:2      | Found a basalt altar of Yredelemnul.
  1224 | D:2      | Found a faded altar of an unknown god.
  1297 | D:2      | HP: 1/26 [orc/+0 club (5)]
  1769 | D:2      | Slain by a gnoll

Illustrated notes

Levels and vault maps discovered:
D:1:      nicolae_arrival_memento_mori, layout_basic
D:2:      minmay_wonky_spiral, layout_loops_cross, basic_altar,
          hellmonk_ecumenical_altar_blasted

Skill      XL: |  1  2  3 |
---------------+----------+-----
Dodging        | 2 |  2.2
Fighting       | 1 |  1.3
Ice Magic      | 3 |  3.1
Armour         | |  1.7
Stealth        | |  1.0
Spellcasting   | |  3.4

Action                     || total
---------------------------++-------
  Melee: Dagger            ||   144
   Cast: Freeze            ||    28
    Use: Scroll            ||     1
         Potion            ||     2
   Stab: Sleeping          ||     3
 Armour: Robe              ||    92
  Dodge: Dodged            ||   112

Table legend: (Time is in decaauts)
 A = Elapsed time spent in this place.
 B = Non-inter-level travel time spent in this place.
 C = Inter-level travel time spent in this place.
 D = Time resting spent in this place.
 E = Time spent auto-exploring this place.
 F = Levels seen in this place.
 G = Mean time per level.
                   A        B        C        D        E       F      G
               +--------+--------+--------+--------+--------+-----+--------+
         Total |   1768 |   1707 |     61 |      0 |   1329 |   2 |  884.0 |
       Dungeon |   1768 |   1707 |     61 |      0 |   1329 |   2 |  884.0 |
               +--------+--------+--------+--------+--------+-----+--------+

Top non-repeatable levels by time:
     D:1: 899 daAuts
     D:2: 869 daAuts
